Map: Acropolis LE

Players

Jason - Winner!

  • Race: Terran Terran
  • League: Grandmaster
  • Spawn Location: 5:00

Rob

  • Race: Protoss Protoss
  • League: Grandmaster
  • Spawn Location: 11:00

VOD

Have the link to the VOD?

Description

Time

  • Played on: May 14, 2019, 5:25 p.m.
  • Length: 13:04
Show
View Real Time Build Order
Export as new Build Order

Jason Terran - Winner!

Build Orders: Gas First Reaper Expand 

Get SALT Encoding   

  12  0:00  SCV  
  13  0:12  SCV  
  14  0:18  Supply Depot  
  14  0:25  SCV  
  15  0:29  Refinery  
  15  0:39  SCV  
  16  0:45  Barracks  
  16  0:51  SCV  
  17  1:04  SCV  
  18  1:16  SCV  
  19  1:33  Reaper, Orbital Command  
  20  1:50  Command Center  
  20  1:59  SCV  
  21  2:05  Factory  
  21  2:08  Barracks Reactor  
  21  2:11  SCV  
  22  2:18  Supply Depot  
  22  2:23  SCV  
  22  2:25  Refinery  
  23  2:40  SCV  
  24  2:49  Starport  
  24  2:52  SCV  
  24  2:55  Hellion x2, Barracks Tech Lab  
  29  3:04  SCV, Orbital Command  
  30  3:16  SCV  
  31  3:25  Supply Depot  
  33  3:27  Marine  
  33  3:28  SCV, Marine  
  33  3:29  Cyclone  
  33  3:32  SCV  
  38  3:38  Viking  
  40  3:42  SCV  
  40  3:45  Marine  
  40  3:46  Marine  
  41  3:51  SCV  
  41  3:54  SCV  
  40  3:55  Supply Depot  
  40  3:59  Bunker  
  40  4:01  Siege Tank  
  43  4:03  SCV  
  43  4:05  Marine  
  45  4:10  SCV  
  45  4:12  Supply Depot  
  45  4:15  Marine  
  45  4:16  Starport Tech Lab  
  47  4:21  Barracks  
  47  4:23  SCV  
  48  4:24  SCV  
  48  4:29  Barracks  
  49  4:34  Raven  
  49  4:35  SCV  
  49  4:37  SCV  
  53  4:41  Engineering Bay  
  53  4:44  Refinery  
  53  4:46  Marine  
  53  4:48  Stimpack  
  53  4:49  SCV  
  53  4:50  SCV  
  56  4:57  Factory Reactor  
  56  5:01  SCV  
  56  5:02  Supply Depot  
  56  5:03  SCV, Supply Depot  
  56  5:04  Marine  
  59  5:08  Missile Turret  
  59  5:13  SCV  
  60  5:15  SCV  
  61  5:24  Missile Turret  
  61  5:25  SCV, Marine x2  
  61  5:26  Marauder  
  61  5:27  SCV, Starport Reactor  
  67  5:28  Combat Shield  
  67  5:29  Marine  
  68  5:36  Refinery, Widow Mine x2  
  68  5:37  SCV  
  68  5:40  Barracks  
  73  5:45  Barracks  
  73  5:46  Marine  
  73  5:49  Terran Infantry Weapons Level 1  
  74  5:50  Marine  
  74  5:52  Marine  
  74  5:55  Marauder  
  78  6:02  Widow Mine, Supply Depot  
  80  6:04  Marine  
  80  6:07  SCV x2  
  80  6:08  Marine  
  80  6:09  Medivac  
  86  6:15  Supply Depot  
  86  6:23  Medivac, Marine x2  
  86  6:24  Marauder  
  86  6:25  Supply Depot  
  92  6:26  Marine  
  93  6:34  Barracks Tech Lab  
  93  6:36  SCV  
  94  6:41  Marine x2  
  94  6:44  Marine  
  94  6:45  Marauder, Barracks Tech Lab  
  94  6:46  Widow Mine  
  103  6:47  Widow Mine  
  103  6:52  Marine  
  104  6:54  SCV  
  104  6:59  Marauder, Marine  
  108  7:02  Marine  
  108  7:07  Concussive Shells  
  109  7:09  Supply Depot  
  109  7:12  Marauder  
  109  7:14  Command Center  
  111  7:15  Marine  
  111  7:17  Widow Mine  
  111  7:19  Marine x2  
  110  7:33  Marauder, Marine  
  110  7:35  Widow Mine  
  100  7:45  Marauder, Marine x3  
  100  7:46  SCV x2, Widow Mine  
  100  7:48  Medivac  
  100  7:50  Marine  
  112  7:55  Marauder  
  106  8:03  Marine x2  
  106  8:04  Marauder, Medivac  
  105  8:06  SCV x2, Marine  
  105  8:10  Terran Infantry Armor Level 1, Marine  
  109  8:16  Marauder  
  109  8:18  Medivac  
  113  8:21  Marine x2  
  113  8:23  Widow Mine x2  
  113  8:24  Marauder  
  121  8:30  Marine  
  121  8:31  Orbital Command  
  121  8:32  SCV  
  121  8:33  SCV  
  124  8:39  Sensor Tower  
  124  8:40  Ghost Academy  
  124  8:43  Starport  
  124  8:44  SCV  
  124  8:47  Marine x3  
  128  8:48  Marine  
  128  8:50  Marine  
  128  8:51  SCV  
  128  8:53  Widow Mine  
  133  8:56  SCV, Marine  
  133  8:57  SCV  
  136  9:05  Marine  
  136  9:09  SCV, Marine  
  135  9:10  Marauder, Marine  
  139  9:18  SCV  
  139  9:19  SCV  
  130  9:32  SCV  
  130  9:33  SCV x2  
  130  9:38  Refinery  
  133  9:39  Refinery  
  133  9:41  Marine  
  133  9:42  Marauder, Marine  
  133  9:45  Medivac  
  141  9:46  SCV  
  141  9:47  SCV, Missile Turret x2  
  141  9:50  Medivac, Ghost x3  
  149  9:53  Liberator, Supply Depot  
  149  10:01  Marine  
  149  10:03  Ghost  
  152  10:09  Marine  
  152  10:12  SCV  
  157  10:14  SCV x2  
  157  10:19  Marauder, Ghost, Marine  
  157  10:20  Supply Depot  
  164  10:23  Supply Depot  
  164  10:26  SCV  
  165  10:29  SCV  
  165  10:39  Supply Depot  
  165  10:41  Ghost x2, Supply Depot  
  165  10:42  Widow Mine, Marine x2  
  173  10:44  SCV  
  173  10:45  Marauder, Viking  
  173  10:47  Ghost  
  173  10:48  Supply Depot  
  180  10:50  Supply Depot  
  179  10:58  Viking, Engineering Bay  
  179  10:59  Armory  
  179  11:02  Viking  
  182  11:17  Viking  
  182  11:19  Viking  
  182  11:20  Marine x2  
  182  11:21  Marauder  
  182  11:23  Marine x2  
  190  11:28  Viking  
  190  11:32  Viking  
  194  11:33  Marine  
  194  11:38  Marine  
  195  11:40  Marine  
  195  11:41  Marauder x2  
  199  11:50  Marine  
  199  11:51  Marine  
  200  11:55  Command Center  
  197  12:21  Marine  
  196  12:29  Viking  
  198  12:30  Viking  
  178  12:37  Marine x2  
  178  12:38  Marauder, Marine x2  
  178  12:40  Marine  
Show
View Real Time Build Order
Export as new Build Order

Rob Protoss 

Build Orders: 1 Gate Expand, Oracle Opening, Phoenix Opening 

Get SALT Encoding   

  12  0:00  Probe  
  13  0:12  Probe  
  14  0:17  Pylon  
  14  0:24  Probe  
  15  0:32  Probe  
  15  0:36  Gateway  
  15  0:40  Probe  
  16  0:47  Assimilator  
  17  0:51  Probe  
  18  0:59  Probe  
  19  1:08  Probe  
  19  1:17  Probe  
  21  1:30  Cybernetics Core  
  21  1:36  Nexus  
  21  1:41  Pylon  
  21  1:45  Probe  
  22  1:51  Assimilator  
  22  1:57  Probe  
  23  2:02  Adept  
  25  2:10  Probe  
  26  2:17  Stargate  
  26  2:22  Probe  
  27  2:26  Stalker  
  27  2:35  Probe  
  30  2:47  Probe  
  30  2:49  Gateway  
  30  2:50  Gateway  
  31  2:51  Probe  
  31  2:53  Oracle  
  32  3:02  Probe  
  32  3:04  Probe  
  37  3:16  Probe  
  38  3:20  Pylon  
  38  3:22  Stalker  
  38  3:24  Phoenix  
  38  3:26  Probe  
  41  3:28  Probe  
  44  3:41  Pylon  
  44  3:43  Probe  
  44  3:44  Probe  
  44  3:48  Phoenix  
  46  3:56  Probe x2  
  48  4:07  Pylon  
  48  4:08  Probe x2  
  50  4:12  Phoenix  
  52  4:20  Assimilator, Probe  
  52  4:21  Warp Gate, Robotics Facility  
  52  4:24  Probe  
  54  4:26  Pylon  
  54  4:32  Probe  
  54  4:36  Nexus  
  54  4:38  Probe  
  56  4:44  Probe  
  57  4:50  Forge  
  57  4:52  Twilight Council  
  57  4:54  Probe  
  57  4:57  Probe  
  59  5:02  Pylon  
  59  5:06  Probe  
  60  5:09  Probe  
  60  5:10  Gateway  
  60  5:11  Observer  
  60  5:12  Charge, Gateway  
  62  5:18  Probe  
  62  5:21  Probe  
  64  5:25  Protoss Ground Armor Level 1  
  64  5:30  Gateway  
  64  5:32  Gateway  
  64  5:34  Probe  
  65  5:40  Probe  
  66  5:46  Probe, Shield Battery  
  67  5:52  Probe  
  68  5:58  Immortal  
  68  6:03  Probe  
  69  6:05  Probe, Gateway  
  69  6:06  Gateway  
  69  6:07  Pylon  
  69  6:10  Probe  
  75  6:15  Probe  
  75  6:17  Zealot x3, Probe  
  83  6:19  Zealot  
  83  6:21  Zealot  
  87  6:27  Pylon  
  87  6:30  Immortal  
  87  6:35  Zealot x2  
  95  6:47  Zealot x5  
  104  7:00  Pylon  
  104  7:01  Zealot x4  
  104  7:02  Pylon  
  104  7:05  Templar Archives  
  112  7:16  Zealot x2  
  112  7:19  Pylon  
  112  7:21  Pylon  
  116  7:24  Zealot x5  
  119  7:35  Zealot x2  
  107  7:45  Zealot x7  
  107  7:47  Warp Prism  
  107  7:49  Assimilator  
  107  7:50  Assimilator  
  113  7:51  Assimilator  
  95  8:06  High Templar x4  
  95  8:07  Zealot x4  
  95  8:10  Archon x2  
  111  8:13  Protoss Ground Weapons Level 1  
  111  8:18  Zealot  
  113  8:20  Observer  
  114  8:28  Probe x3  
  117  8:35  Zealot x4  
  117  8:40  Pylon x2  
  125  8:42  Robotics Bay  
  125  8:43  Robotics Facility  
  125  8:48  Observer  
  124  8:59  Zealot x5  
  124  9:01  Immortal  
  134  9:05  Zealot x4  
  142  9:18  Colossus  
  142  9:23  Zealot x4  
  140  9:31  Observer  
  140  9:33  High Templar  
  140  9:34  High Templar  
  142  9:39  Psionic Storm  
  142  9:42  High Templar  
  142  9:44  Observer  
  144  9:50  Stalker x3  
  150  9:54  Colossus  
  150  9:59  Colossus  
  162  10:24  Stalker  
  162  10:28  Pylon x2  
  164  10:29  Pylon x2  
  164  10:37  Blink  
  164  10:38  Stalker  
  164  10:41  Pylon  
  164  10:42  Pylon  
  165  10:44  Observer  
  165  10:48  Pylon  
  166  10:56  Forge  
  164  11:00  Stalker x4  
  172  11:11  Zealot x5  
  180  11:22  Robotics Bay  
  180  11:24  Stalker x3  
  186  11:29  Stalker  
  188  11:35  Stalker x3  
  192  11:52  Stalker x4  
  200  12:04  Nexus  
  200  12:10  Pylon  
  198  12:29  Zealot x3  
  200  12:36  Zealot x4  
  200  12:37  Zealot x2  
  93  12:51  Zealot x2  
  93  12:54  Zealot  
  93  12:57  Zealot x6  
Tags
 
Add a new tag
Caveats
  • Supply blocks, unpowered buildings, or Contaminate may cause inaccurate times.
  • Supply counts are checked every 10 seconds.